 Dungeon Crawl Stone Soup version 0.26-a0-597-gb535b0901c (webtiles) character file.

Game seed: 6664909855337004728

244 ANON1729 the Covered (level 6, -1/48 HPs)
             Began as a Barachi Wanderer on Aug 27, 2020.
             Was an Initiate of Qazlal.
             Slain by a gnoll
             ... wielding a +0 halberd
              (15 damage)
             ... on level 4 of the Dungeon.
             The game lasted 00:04:21 (3002 turns).

ANON1729 the Covered (Barachi Wanderer)             Turns: 3002, Time: 00:04:21

Health: -1/48      AC:  9    Str: 17    XL:     6   Next: 10%
Magic:  10/10      EV:  9    Int: 11    God:    Qazlal [......]
Gold:   226        SH:  0    Dex: 11    Spells: 11/11 levels left

rFire    + . .     SeeInvis .   i - +2 whip (flame)
rCold    . . .     Faith    .   (no shield)
rNeg     . . .     Spirit   .   b - +2 scale mail
rPois    .         Reflect  .   (no helmet)
rElec    .         Harm     .   (no cloak)
rCorr    .                      (no gloves)
MR       .....                  (no boots)
Stlth    ..........             (no amulet)
HPRegen  0.16/turn              d - ring of protection from fire
MPRegen  0.12/turn              (no ring)

@: can't hop, slow
A: +LOS, swims, slowness 1, strong legs 1
a: Hop, Renounce Religion


You were on level 4 of the Dungeon.
You worshipped Qazlal.
Qazlal was noncommittal.
You visited 2 branches of the dungeon, and saw 5 of its levels.

You collected 226 gold pieces.

Inventory:

Hand Weapons
 a - a +0 spear
 i - a +2 whip of flaming (weapon)
 r - a +0 falchion
Armour
 b - a +2 scale mail (worn)
 p - a +0 helmet
Jewellery
 d - a ring of protection from fire (left hand)
Scrolls
 e - 2 scrolls of enchant armour {unknown}
 f - 4 scrolls of teleportation {unknown}
 g - 4 scrolls of remove curse {unknown}
 j - 5 scrolls of identify {unknown}
 k - a scroll of amnesia {unknown}
 n - a scroll of fear {unknown}
 t - a scroll of magic mapping {unknown}
Potions
 c - 2 potions of lignification
 h - 2 potions of brilliance {unknown}
 l - a potion of curing {unknown}
 m - 2 potions of mutation {unknown}
 o - a potion of might {unknown}
 q - a potion of invisibility {unknown}
 s - a potion of heal wounds {unknown}
 u - a potion of berserk rage {unknown}


   Skills:
 + Level 3.9 Fighting
 + Level 1.4 Long Blades
 + Level 6.2 Armour
 - Level 1.0 Stealth
   Level 1.1 Shields
 + Level 3.3 Spellcasting
   Level 1.0 Necromancy
   Level 1.1 Air Magic
 + Level 0.0 Invocations


You had 11 spell levels left.
You didn't know any spells.
Your spell library was empty.

Dungeon Overview and Level Annotations

Branches:
Dungeon (4/15)             Temple (1/1) D:4

Altars:
Ashenzari
Cheibriados
Dithmenos
Gozag
Hepliaklqana
Kikubaaqudgha
Makhleb
Nemelex Xobeh
Okawaru
Qazlal
Ru
Trog
Uskayaw
Vehumet
Xom
Yredelemnul
Zin
The Shining One


Innate Abilities, Weirdness & Mutations

You can be seen from farther away. (+LOS)
You can swim through water.
You cover ground slowly.
You can hop short distances.


Message History

You are too injured to fight recklessly!
You are too injured to fight recklessly!
You are too injured to fight recklessly!
You are too injured to fight recklessly!
You are too injured to fight recklessly!
You are too injured to fight recklessly!
You are too injured to fight recklessly!
You are too injured to fight recklessly!
You are too injured to fight recklessly!
You are too injured to fight recklessly!
You are too injured to fight recklessly!
The gnoll hits you from afar with a +0 spear.
Press: ? - help, Dir - move target cursor Boing!
An orc comes into view. It is wielding a +0 short sword.
The orc shouts!
The gnoll hits you with a +0 whip.
* * * LOW HITPOINT WARNING * * *
The gnoll hits you from afar with a +0 halberd!
You die...

.#
....##...###.....#.......#
.# ....##...#
#.....#####...# .#
.........###.._..#####...#
.#
...........#.....#...'...#
.........o.#.....#...#...#
...........###g###...#...#
.............g..○....#...#
..............g......#...#
..####...####@####..##...#
.. ##### #'# ######### ...
..... ......# .......#
..<.....# .........#
###########


You could see 3 gnolls and an orc.

Vanquished Creatures
  A howler monkey (D:4)
  An orc priest (D:4)
  2 worker ants (D:4)
  A gnoll (D:4)
  3 adders (D:2)
  2 worms
  3 dart slugs (D:2)
  4 leopard geckos
  6 orcs
  4 giant cockroaches
  6 goblins
  7 hobgoblins
  14 kobolds
  3 quokkas
  A ball python (D:4)
  5 bats
  3 frilled lizards
  A jackal skeleton (D:4)
  8 rats
75 creatures vanquished.

Vanquished Creatures (others)
  5 toadstools (D:1)
5 creatures vanquished.

Grand Total: 80 creatures vanquished

Notes
Turn   | Place    | Note
-------+----------+-------------------------------------------
     0 | D:1      | ANON1729 the Barachi Wanderer began the quest for the Orb.
     0 | D:1      | ANON1729 set off with the following items: a +0 spear, a +2
                  | scale mail, a potion of lignification
     0 | D:1      | Reached XP level 1. HP: 15/15 MP: 2/2
   120 | D:1      | Reached skill level 5 in Armour
   126 | D:1      | Reached XP level 2. HP: 15/22 MP: 4/4
   402 | D:1      | Reached XP level 3. HP: 27/27 MP: 5/5
  1057 | D:2      | Found a shadowy altar of Dithmenos.
  1135 | D:2      | Reached XP level 4. HP: 23/34 MP: 7/7
  2208 | D:4      | Reached XP level 5. HP: 26/41 MP: 9/9
  2367 | D:4      | Reached skill level 6 in Armour
  2463 | D:4      | Found a staircase to the Ecumenical Temple.
  2474 | Temple   | Entered the Ecumenical Temple
  2622 | Temple   | Became a worshipper of Qazlal Stormbringer
  2666 | D:4      | Reached skill level 1 in Long Blades
  2744 | D:4      | Reached XP level 6. HP: 23/48 MP: 10/10
  2988 | D:4      | Found a sacrificial altar of Ru.
  3002 | D:4      | Slain by a gnoll

Illustrated notes

Levels and vault maps discovered:
D:1:      ldierk_walled_garden, layout_loops_cross
D:2:      layout_rooms, grunt_dithmenos_smoke_and_mirrors
D:3:      layout_rooms
D:4:      layout_gridville, kennysheep_little_box,
          minmay_temple_entry_crystal_x, minmay_ruptured, uniq_sigmund
Temple:   regret_index_temple_sphere_string

Skill      XL: |  1  2  3  4  5 |
---------------+----------------+-----
Armour         | 5 6 |  6.2
Fighting       | 2 3 |  3.9
Spellcasting   | 2 3 |  3.3
Long Blades    | 1 |  1.4
Stealth        | |  1.0
Shields        | |  1.1
Necromancy     | |  1.0
Air Magic      | |  1.1

Action                   |  1- 3 |  4- 6 || total
-------------------------+-------+-------++-------
Melee: Spear             |   111 |       ||   111
       Whip              |    56 |   123 ||   179
 Abil: Hop               |       |     1 ||     1
Armor: Scale mail        |    87 |    69 ||   156
Dodge: Dodged            |    82 |    83 ||   165

Table legend: (Time is in decaauts)
 A = Elapsed time spent in this place.
 B = Non-inter-level travel time spent in this place.
 C = Inter-level travel time spent in this place.
 D = Time resting spent in this place.
 E = Time spent auto-exploring this place.
 F = Levels seen in this place.
 G = Mean time per level.
                   A        B        C        D        E       F      G
               +--------+--------+--------+--------+--------+-----+--------+
         Total |   3339 |   3218 |    121 |   1098 |   1549 |   5 |  667.8 |
       Dungeon |   3149 |   3065 |     84 |   1098 |   1397 |   4 |  787.2 |
        Temple |    190 |    154 |     36 |      0 |    152 |   1 |  190.0 |
               +--------+--------+--------+--------+--------+-----+--------+

Top non-repeatable levels by time:
     D:1: 883 daAuts
     D:2: 856 daAuts
     D:4: 714 daAuts
     D:3: 695 daAuts
  Temple: 190 daAuts
